 Dungeon Crawl Stone Soup version 0.28-a0-674-gdaf460b524 (webtiles) character file.

Game seed: 9728483527153602645

1521 acebull12 the Magician (level 9, -5/59 HPs)
             Began as a Djinni Fire Elementalist on Oct 17, 2021.
             Was an Initiate of Ashenzari.
             Slain by a gnoll (13 damage)
             ... on level 6 of the Dungeon.
             The game lasted 00:22:34 (9231 turns).

acebull12 the Magician (Djinni Fire Elementalist)   Turns: 9231, Time: 00:22:35

Health: -5/59      AC:  6    Str:  8    XL:     9   Next: 10%
Gold:   428        EV: 10    Int: 24    God:    Ashenzari [......] SH: 10 Dex: 15

rFire   + + .      SeeInvis .   j - +0 mace
rCold   . . .      Faith    .   c - +1 kite shield {reflect}
rNeg    . . .      Spirit   .   w - +0 steam dragon scales
rPois   ∞          Reflect  +   u - +0 helmet
rElec   .          Harm     .   (no cloak)
rCorr   .          Rampage  .   (no gloves)
Will    .....                   (boots unavailable)
Stlth   ++........              (no amulet)
HPRegen 0.19/turn               i - +6 ring of intelligence
MPRegen 0.00/turn               s - ring of protection from cold

@: flying
A: sickness immunity, fire resistance 2, cold vulnerability 1, float, innate
caster, hp casting, extra vitality 1
a: Renounce Religion, Curse Item


You were on level 6 of the Dungeon.
You worshipped Ashenzari.
Ashenzari was noncommittal.
You visited 1 branch of the dungeon, and saw 6 of its levels.

You collected 428 gold pieces.

Inventory:

Hand Weapons
 j - a +0 mace (weapon)
 r - a +3 dagger of speed
Missiles
 g - 127 stones
Armour
 c - a +1 kite shield of reflection (worn)
 u - a +0 helmet (worn)
 w - +0 steam dragon scales (worn)
Jewellery
 i - a +6 ring of intelligence (left hand)
 s - a ring of protection from cold (right hand)
Wands
 d - a wand of paralysis (9)
 e - a wand of flame (15)
 n - a wand of polymorph (7)
Scrolls
 b - a scroll of holy word
 f - a scroll of enchant weapon
 h - 3 scrolls of teleportation
 m - a scroll of fear
 p - a scroll of fog
Potions
 k - a potion of haste
 l - a potion of cancellation
 o - a potion of heal wounds
 q - 2 potions of curing


   Skills:
 * Level 2.8 Fighting
 + Level 0.6 Maces & Flails
 * Level 3.0 Armour
 - Level 2.4 Dodging
 - Level 1.6 Stealth
 * Level 3.4 Shields
 * Level 7.2 Spellcasting


You had one spell level left.
You knew the following spells:

 Your Spells              Type           Power      Damage    Failure   Level
a - Foxfire               Conj/Fire      100%       2x1d9     1%          1
b - Scorch                Fire           86%        2d9       2%          2
c - Conjure Flame         Conj/Fire      43%        6-21      4%          3
d - Inner Flame           Hex/Fire       43%        N/A       4%          3
e - Flame Wave            Conj/Fire      43%        3d9       16%         4
f - Freeze                Ice            100%       1d11      1%          1
g - Corpse Rot            Necr/Air       86%        N/A       2%          2
h - Blink                 Tloc           N/A        N/A       2%          2
i - Summon Guardian Gole  Hex/Summ       43%        N/A       4%          3
Your spell library was empty.

Dungeon Overview and Level Annotations

Branches:
Dungeon (6/15)             Temple (0/1) D:4

Altars:
Ashenzari
Elyvilon
Fedhas
Kikubaaqudgha
Makhleb
Nemelex Xobeh
Wu Jian
Zin

Shops:
D:3 !   D:5 !   D:6 !


Innate Abilities, Weirdness & Mutations

You are immune to sickness and miasma.
You are immune to poison.
Your flesh is very heat resistant. (rF++)
You are vulnerable to cold. (rC-)
You float through the air rather than walking.
You learn spells naturally, not from books.
Your magical power is your life essence.
You have superior vitality. (+4 HP)


Message History

There is nothing fresh enough to decay nearby.
Casting: Corpse Rot (safe; 2% risk of failure)
Confirm with . or Enter, or press ? or * to list all spells.
You conjure some foxfire!
The gnoll hits you but does no damage.
Casting: Foxfire (safe; 1% risk of failure)
Confirm with . or Enter, or press ? or * to list all spells.
You conjure some foxfire!
The foxfire hits the gnoll.
The gnoll is heavily wounded.
The foxfire hits the gnoll.
The gnoll is almost dead.
You block the gnoll's attack.
Casting: Foxfire (safe; 1% risk of failure)
Confirm with . or Enter, or press ? or * to list all spells.
You conjure some foxfire!
The gnoll hits you from afar with a +0 spear!
* * * LOW HITPOINT WARNING * * *
The foxfire hits the gnoll but does no damage.
The gnoll is almost dead.
The foxfire hits the gnoll!
You kill the gnoll!
The foxfire hits the gnoll but does no damage. x2
Casting: Foxfire (safe; 1% risk of failure)
Confirm with . or Enter, or press ? or * to list all spells.
You conjure some foxfire!
* * * LOW HITPOINT WARNING * * *
Unknown command.
Your foxfire dissipates!
Casting: Foxfire (safe; 1% risk of failure)
Confirm with . or Enter, or press ? or * to list all spells.
You conjure some foxfire!
* * * LOW HITPOINT WARNING * * *
The foxfire hits the gnoll but does no damage.
The foxfire hits the gnoll.
The gnoll is lightly wounded.
The foxfire hits the gnoll.
The gnoll is moderately wounded.
The gnoll hits you from afar with a +0 halberd.
* * * LOW HITPOINT WARNING * * *
The gnoll hits you from afar with a +0 halberd!
You die...

####### #.....#
#.###.# ###'###.#
#....<#.# #########
#.....#.# #........
#...@[#.# #.#######
#.....#.#####.#######
###...g..))........g.
#....#..####.#####..
#........# #.# ##..
#...PPPP.# #.# #...
##.PPP.P.###.# #...
#.PP_PP.#...# #...
#.(PP...##### #...


You could see a gnoll.

Vanquished Creatures
  A steam dragon (D:6)
  3 sky beasts
  An ogre (D:6)
  A centaur (D:6)
  A gnoll sergeant (D:6)
  A scorpion (D:5)
  A howler monkey (D:5)
  A bullfrog zombie (D:6)
  A centaur zombie (D:6)
  2 jellies (D:5)
  A hound (D:6)
  An orc priest (D:5)
  2 bullfrog skeletons (D:5)
  Jessica (D:2)
  A scorpion zombie (D:4)
  Ijyb (D:3)
  Terence (D:2)
  4 iguanas
  Natasha (D:2)
  3 orc wizards
  Robin (D:4)
  6 gnolls
  7 adders
  A shadow imp (D:5)
  A white imp (D:6)
  An ufetubus (D:5)
  A worm (D:2)
  2 dart slugs
  8 orcs
  8 ball pythons
  3 bats
  3 endoplasms
  A giant cockroach (D:3)
  15 goblins
  13 hobgoblins
  4 jackals (D:4)
  4 quokkas
  4 frilled lizards
  5 kobolds
  6 rats
123 creatures vanquished.

Vanquished Creatures (collateral kills)
  14 foxfires (D:6)
14 creatures vanquished.

Vanquished Creatures (others)
  652 foxfires
652 creatures vanquished.

Grand Total: 789 creatures vanquished

Notes
Turn   | Place    | Note
-------+----------+-------------------------------------------
     0 | D:1      | acebull12 the Djinni Fire Elementalist began the quest for
                  | the Orb.
     0 | D:1      | Reached XP level 1. HP: 15/15 MP: 0/0
   345 | D:1      | Reached XP level 2. HP: 18/21 MP: 0/0
   764 | D:1      | Found a faded altar of an unknown god.
   777 | D:1      | Prayed at the altar of an unknown god.
   777 | D:1      | Became a worshipper of Ashenzari the Shackled
   934 | D:1      | Reached skill level 3 in Spellcasting
  1073 | D:1      | Reached XP level 3. HP: 19/25 MP: 0/0
  1073 | D:1      | Learned a level 1 spell: Freeze
  1817 | D:1      | Identified a scroll of acquirement
  1873 | D:1      | Acquired a +1 kite shield of reflection
  2221 | D:2      | Noticed Jessica
  2224 | D:2      | Killed Jessica
  2225 | D:2      | Reached XP level 4. HP: 27/31 MP: 0/0
  2666 | D:2      | Noticed Natasha
  2677 | D:2      | Killed Natasha
  2759 | D:2      | Reached XP level 5. HP: 34/36 MP: 0/0
  2759 | D:2      | Learned a level 2 spell: Corpse Rot
  2844 | D:2      | Noticed Terence
  2907 | D:2      | Killed Terence
  2908 | D:2      | Reached skill level 1 in Fighting
  2908 | D:2      | Reached skill level 4 in Spellcasting
  3555 | D:3      | Noticed Ijyb
  3561 | D:3      | Paralysed by Ijyb for 3 turns
  3566 | D:3      | Killed Ijyb
  3567 | D:3      | Reached skill level 1 in Armour
  3826 | D:3      | Found a white marble altar of Elyvilon.
  3885 | D:3      | Reached skill level 1 in Shields
  3885 | D:3      | Reached XP level 6. HP: 39/42 MP: 0/0
  4119 | D:3      | Found Eposantadi's Distillery.
  4590 | D:4      | Found a staircase to the Ecumenical Temple.
  4630 | D:4      | HP: 1/42 [scorpion zombie (4)]
  5116 | D:4      | Found an ornate altar of the Wu Jian Council.
  5316 | D:4      | Noticed Robin
  5325 | D:4      | Killed Robin
  5663 | D:5      | Entered Level 5 of the Dungeon
  5850 | D:5      | Reached XP level 7. HP: 24/47 MP: 0/0
  5850 | D:5      | Learned a level 2 spell: Blink
  5852 | D:5      | Reached skill level 5 in Spellcasting
  7103 | D:5      | Reached XP level 8. HP: 38/54 MP: 0/0
  7249 | D:5      | Found a glowing silver altar of Zin.
  7350 | D:5      | Found Xaapoid's Distillery.
  7354 | D:5      | Found a burning altar of Makhleb.
  7589 | D:5      | Found a sparkling altar of Nemelex Xobeh.
  7652 | D:6      | Reached skill level 6 in Spellcasting
  7941 | D:6      | Found a blossoming altar of Fedhas.
  8829 | D:6      | Found Wodant's Distillery.
  8910 | D:6      | Reached skill level 7 in Spellcasting
  9041 | D:6      | Reached XP level 9. HP: 55/59 MP: 0/0
  9041 | D:6      | Learned a level 3 spell: Summon Guardian Golem
  9231 | D:6      | Slain by a gnoll

Illustrated notes

Levels and vault maps discovered:
D:1:      giann_forest_graveyard, layout_basic, ebering_ecumenical_altar_ruins
D:2:      layout_basic, st_stairs_7, uniq_terence, uniq_natasha, uniq_jessica
D:3:      layout_loops_cross, jmf_multi_god_temple, serial_shops, shop,
          uniq_ijyb
D:4:      layout_gridville, nicolae_wu_jian_immortal_techniques,
          minmay_temple_entry_hall, uniq_robin
D:5:      layout_basic, overflow_temple_1_default, kennysheep_mini,
          mainiacjoe_overflow_alcove_1, serial_shops, shop
D:6:      layout_basic, fedhas_bush_and_centaur_altar, serial_shops, shop

Skill      XL: |  1  2  3  4  5  6  7  8 |
---------------+-------------------------+-----
Spellcasting   | 3 4 5 7 |  7.2
Fighting       | 1 2 |  2.8
Armour         | 1 2 3 |  3.0
Shields        | 1 3 |  3.4
Maces & Flails | |  0.6
Dodging        | |  2.4
Stealth        | |  1.6

Action                   |  1- 3 |  4- 6 |  7- 9 || total
-------------------------+-------+-------+-------++-------
Melee: Mace              |       |    11 |    30 ||    41
 Cast: Foxfire           |   120 |   162 |   145 ||   427
       Freeze            |       |     6 |    25 ||    31
       Blink             |       |       |     1 ||     1
       Corpse Rot        |       |       |     2 ||     2
  Use: Scroll            |     1 |     1 |       ||     2
       Potion            |       |     1 |     1 ||     2
Armor: Robe              |       |     3 |       ||     3
       Animal skin       |       |     4 |    22 ||    26
       Steam dragon scal |       |       |    18 ||    18
Dodge: Dodged            |     2 |    24 |    39 ||    65
Block: Kite shield       |       |     6 |    56 ||    62
       Reflection        |       |       |     4 ||     4

Table legend: (Time is in decaauts)
 A = Elapsed time spent in this place.
 B = Non-inter-level travel time spent in this place.
 C = Inter-level travel time spent in this place.
 D = Time resting spent in this place.
 E = Time spent auto-exploring this place.
 F = Levels seen in this place.
 G = Mean time per level.
                   A        B        C        D        E       F      G
               +--------+--------+--------+--------+--------+-----+--------+
         Total |   9268 |   8916 |    352 |   2078 |   5620 |   6 | 1544.7 |
       Dungeon |   9268 |   8916 |    352 |   2078 |   5620 |   6 | 1544.7 |
               +--------+--------+--------+--------+--------+-----+--------+

Top non-repeatable levels by time:
     D:1: 2109 daAuts
     D:4: 1926 daAuts
     D:5: 1816 daAuts
     D:2: 1351 daAuts
     D:3: 1058 daAuts
     D:6: 1007 daAuts
